AoeStats
← brent_204

Four Lakes

507975145Analyzed
1v1 RM · 12d ago on Sep 20, 2026· 19m 3s· 2 players
Game mode
Random Map
Map size
Tiny (2 player)
Population
200
Speed
Normal
Resources
Standard
Victory
Conquest
Starting age
Dark Age
Ending age
Imperial Age
RankedLock teamsTeams togetherTeam positionsShared explorationLock speedFull tech treeHidden civsTurbo modeCheats
Victory
Defeat
🇺🇸 Khmer · United States
694
+14
🇧🇪 Cumans · Belgium
649
-14
brent_204
2:45 Loom
11:44 Feudal Age
13:16 Town Watch
14:03 Town Watch
15:39 Double-Bit Axe
15:37 Horse Collar
18:57 Fishing Lines
Mf MelloMike
5:25 Loom
9:44 Feudal Age
11:16 Wheelbarrow
12:08 Double-Bit Axe
12:33 Horse Collar
12:53 Fishing Lines
19:16 Castle Age
18:43 Scale Barding Armor
19:19 Stone Mining
Connection lost

Rejoining the realm…

Still unreachable

The connection could not be restored.

Session expired

The server has moved on; the page needs a fresh start.